cohdb
Replays
Latest Replays
All Replays
Popular Replays
Top Player Replays
Match Explorer
How It Works
Community
CoH3 Stats
Reddit
Sign in to upload your games and track your stats! →
Sign in with Steam
Match 45778773
Unlisted
Match 45778773
Overview
Messages
Build Orders
End
Construct Infanterie Kompanie
Selects Luftwaffe Battlegroup
Selects Luftwaffe Pioneer Support
MG 42 Machine Gun Team
Grenadier Squad
GrW 34 Mortar Team
Fallschirmpioneer Squad Paradrop
Medical Station
Selects Flak 38 Anti-Air Emplacement
Construct Luftwaffe Kompanie
Fallschirmpioneer Squad Paradrop
MG 42 Bunker
Selects Flak 36 Anti-tank Gun Emplacement
MG 42 Bunker
MG 42 Machine Gun Team
Medical Bunker
Selects Stuka Strafing Run
Selects Fallschirmjäger Squad Paradrop
Stuka Strafing Run
King of the Kill
Tactical_UwU
mrshinyshekel
burak.sezgin34fb
322735
NSR
Bonhoeffer
Field marshal Prince
0
0
Comments
sign in to comment!
No comments posted yet!